AoeStats
← Ancrypto

Lombardia

509930201Analyzed
2v2 RM · 3d ago on Sep 28, 2026· 28m 16s· 4 players
Game mode
Random Map
Map size
Medium (4 player)
Population
200
Speed
Normal
Resources
Standard
Victory
Conquest
Starting age
Dark Age
Ending age
Imperial Age
RankedLock teamsTeams togetherTeam positionsShared explorationLock speedFull tech treeHidden civsTurbo modeCheats
Victory
Defeat
🇺🇸 Dravidians · United States
925
+15
🇺🇸 Japanese · United States
918
+15
🇳🇱 Portuguese · Netherlands
908
-42
🇳🇱 Spanish · Netherlands
908
-42
Licrovan
12:39 Feudal Age
15:49 Double-Bit Axe
15:48 Horse Collar
18:41 Castle Age
19:16 Pikeman
23:20 Elite Skirmisher
26:10 Scale Mail Armor
26:11 Padded Archer Armor
Ancrypto
15:53 Feudal Age
23:10 Man-at-Arms
aochamberlin17
0:33 Loom
12:03 Feudal Age
13:43 Horse Collar
13:49 Double-Bit Axe
18:08 Castle Age
17:43 Arson
18:11 Forging
18:02 Scale Mail Armor
20:00 Squires
20:39 Iron Casting
27:55 Wheelbarrow
mata101
7:34 Loom
10:16 Feudal Age
10:59 Double-Bit Axe
10:56 Horse Collar
11:46 Man-at-Arms
12:13 Arson
13:14 Scale Mail Armor
13:52 Forging
14:01 Padded Archer Armor
23:01 Castle Age
21:18 Fletching
22:58 Gold Mining
23:01 Stone Mining
23:52 Long Swordsman
24:33 Squires
25:55 Gambesons
28:02 Chain Mail Armor
Connection lost

Rejoining the realm…

Still unreachable

The connection could not be restored.

Session expired

The server has moved on; the page needs a fresh start.